1894 views
Uploaded 2023-01-31 18:12:16
Game version 1.35 (6115)
52:53 long 3on3 ladder game on (6)UpperKingdom
Saved by GIGA
1894 views
Uploaded 2023-01-31 18:12:16
Game version 1.35 (6115)
52:53 long 3on3 ladder game on (6)UpperKingdom


105 units @ 9.8k
/ 1.3k
164 buildings @ 12.6k
/ 6k



| Orb of Lightning | 1 | 375 |
| total: | 1 | 375g |
| Peasant | 20 | 1500 | / | 0 |
| Mortar Team | 9 | 1620 | / | 630 |
| Flying Machine | 18 | 1800 | / | 540 |
| total: | 47 | 4920g | / | 1170w |
| Scout Tower | 50 | 1500 | / | 1000 |
| Arcane Tower | 5 | 350 | / | 250 |
| Guard Tower | 16 | 1120 | / | 800 |
| Altar of Kings | 2 | 360 | / | 100 |
| Lumber Mill | 2 | 240 | / | 0 |
| Farm | 15 | 1200 | / | 300 |
| Town Hall | 1 | 385 | / | 205 |
| Blacksmith | 2 | 280 | / | 120 |
| Arcane Vault | 1 | 130 | / | 30 |
| Workshop | 3 | 420 | / | 420 |
| Keep | 1 | 320 | / | 210 |
| Castle | 1 | 360 | / | 210 |
| total: | 76 | 4515g | / | 2175w |
| 0:02 | Peasant |
| 0:10 | Peasant |
| 0:19 | Altar of Kings |
| 0:20 | Peasant |
| 0:35 | Lumber Mill |
| 0:36 | Peasant |
| 0:40 | Peasant |
| 0:50 | Farm |
| 0:57 | Peasant |
| 1:03 | Peasant |
| 1:18 | Peasant |
| 1:29 | Farm |
| 1:30 | Peasant |
| 1:37 | Peasant |
| 1:40 | Improved Lumber Harvesting |
| 1:55 | Scout Tower |
| 1:57 | Peasant |
| 2:00 | Scout Tower |
| 2:02 | Scout Tower |
| 2:04 | Peasant |
| 2:09 | Improved Masonry |
| 2:11 | Peasant |
| 2:21 | Arcane Tower |
| 2:22 | Scout Tower |
| 2:22 | Scout Tower |
| 2:28 | Peasant |
| 2:32 | Arcane Tower |
| 2:33 | Peasant |
| 2:59 | Storm Bolt |
| 3:06 | Peasant |
| 3:08 | Scout Tower |
| 3:28 | Guard Tower |
| 3:36 | Scout Tower |
| 3:37 | Scout Tower |
| 3:39 | Scout Tower |
| 3:39 | Scout Tower |
| 3:41 | Scout Tower |
| 3:42 | Scout Tower |
| 3:43 | Scout Tower |
| 3:51 | Peasant |
| 3:52 | Guard Tower |
| 3:54 | Farm |
| 4:29 | Town Hall |
| 4:39 | Guard Tower |
| 4:45 | Scout Tower |
| 5:26 | Guard Tower |
| 5:29 | Arcane Tower |
| 5:32 | Scout Tower |
| 5:37 | Scout Tower |
| 5:39 | Scout Tower |
| 5:44 | Scout Tower |
| 5:59 | Keep |
| 6:02 | Arcane Tower |
| 6:04 | Arcane Tower |
| 6:07 | Peasant |
| 6:07 | Peasant |
| 6:08 | Guard Tower |
| 6:12 | Guard Tower |
| 6:27 | Peasant |
| 7:38 | Scout Tower |
| 7:39 | Scout Tower |
| 7:39 | Scout Tower |
| 7:40 | Scout Tower |
| 8:27 | Castle |
| 8:29 | Blacksmith |
| 8:30 | Blacksmith |
| 8:32 | Guard Tower |
| 9:00 | Guard Tower |
| 9:02 | Scout Tower |
| 9:03 | Scout Tower |
| 9:03 | Scout Tower |
| 9:05 | Scout Tower |
| 9:05 | Scout Tower |
| 9:06 | Scout Tower |
| 9:07 | Scout Tower |
| 9:18 | Farm |
| 9:20 | Farm |
| 9:21 | Farm |
| 9:22 | Farm |
| 9:23 | Farm |
| 9:24 | Farm |
| 9:27 | Farm |
| 9:28 | Farm |
| 9:32 | Farm |
| 9:44 | Lumber Mill |
| 9:47 | Workshop |
| 9:48 | Black Gunpowder |
| 10:34 | Mortar Team |
| 10:34 | Mortar Team |
| 10:55 | Workshop |
| 10:57 | Farm |
| 11:01 | Workshop |
| 11:57 | Fragmentation Shards |
| 11:57 | Flare |
| 11:57 | Flying Machine Bombs |
| 12:10 | Altar of Kings |
| 12:11 | Farm |
| 12:14 | Guard Tower |
| 12:31 | Advanced Lumber Harvesting |
| 12:32 | Advanced Masonry |
| 13:16 | Flak Cannons |
| 13:18 | Mortar Team |
| 13:23 | Scout Tower |
| 13:24 | Scout Tower |
| 13:24 | Scout Tower |
| 13:25 | Scout Tower |
| 13:26 | Scout Tower |
| 13:28 | Scout Tower |
| 13:28 | Scout Tower |
| 13:34 | Refined Gunpowder |
| 13:34 | Iron Plating |
| 14:22 | Divine Shield |
| 14:23 | Holy Light |
| 14:34 | Arcane Vault |
| 14:59 | Flying Machine |
| 15:00 | Flying Machine |
| 15:00 | Flying Machine |
| 15:58 | Flying Machine |
| 15:58 | Flying Machine |
| 16:59 | Mortar Team |
| 17:22 | Storm Bolt |
| 18:08 | Flying Machine |
| 18:08 | Flying Machine |
| 18:08 | Flying Machine |
| 18:08 | Flying Machine |
| 18:08 | Flying Machine |
| 18:09 | Flying Machine |
| 18:09 | Flying Machine |
| 18:12 | Guard Tower |
| 18:14 | Farm |
| 20:00 | Flying Machine |
| 20:00 | Flying Machine |
| 20:53 | Mortar Team |
| 21:01 | Mortar Team |
| 21:01 | Mortar Team |
| 22:05 | Divine Shield |
| 23:56 | Holy Light |
| 27:03 | Divine Shield |
| 27:03 | Divine Shield |
| 27:05 | Storm Bolt |
| 27:06 | Storm Bolt |
| 29:00 | Scout Tower |
| 29:01 | Scout Tower |
| 29:02 | Scout Tower |
| 29:04 | Scout Tower |
| 29:05 | Scout Tower |
| 29:34 | Guard Tower |
| 29:36 | Scout Tower |
| 29:37 | Scout Tower |
| 29:38 | Guard Tower |
| 29:40 | Scout Tower |
| 29:41 | Scout Tower |
| 29:42 | Scout Tower |
| 30:05 | Guard Tower |
| 30:21 | Guard Tower |
| 30:34 | Guard Tower |
| 31:19 | Flying Machine |
| 31:19 | Flying Machine |
| 31:19 | Flying Machine |
| 31:20 | Flying Machine |
| 33:03 | Avatar |
| 33:27 | Scout Tower |
| 33:28 | Scout Tower |
| 33:28 | Scout Tower |
| 33:30 | Scout Tower |
| 34:07 | Guard Tower |
| 37:39 | Resurrection |
| 44:48 | Devotion Aura |
| 46:41 | Brilliance Aura |
| 47:13 | Bash |
| 47:37 | Bash |
| 47:39 | Divine Shield |
| 48:02 | Orb of Lightning |
| 49:06 | Mortar Team |
| 49:07 | Mortar Team |
| 51:09 | Divine Shield |
| Right click | 2711 |
| Select group | 1010 |
| Select | 509 |
| Use ability | 188 |
| Build/train/purchase | 143 |
| Misc. action | 114 |
| Minimap ping | 51 |
| Assign group | 16 |
| Resource trade | 16 |
| Esc | 4 |
| Remove unit | 1 |
GIGA
(207)
(52:28) : 
| Healing Salve | 3 | 300 |
| Lesser Clarity Potion | 3 | 210 |
| Tiny Great Hall | 1 | 600 |
| Orb of Lightning | 1 | 375 |
| Orb of Fire | 1 | 325 |
| total: | 9 | 1810g |
| Peon | 25 | 1875 | / | 0 |
| Troll Witch Doctor | 4 | 580 | / | 100 |
| total: | 29 | 2455g | / | 100w |
| Watch Tower | 6 | 660 | / | 480 |
| Altar of Storms | 3 | 540 | / | 150 |
| Orc Burrow | 5 | 800 | / | 200 |
| Voodoo Lounge | 2 | 260 | / | 60 |
| War Mill | 1 | 205 | / | 0 |
| Great Hall | 4 | 1540 | / | 740 |
| Spirit Lodge | 1 | 150 | / | 150 |
| Stronghold | 2 | 630 | / | 380 |
| Fortress | 2 | 650 | / | 380 |
| total: | 22 | 4155g | / | 1780w |
| 0:03 | Peon |
| 0:03 | Peon |
| 0:07 | Altar of Storms |
| 0:10 | Orc Burrow |
| 0:22 | Peon |
| 0:38 | Peon |
| 0:38 | Peon |
| 0:50 | Peon |
| 0:58 | Peon |
| 1:02 | Voodoo Lounge |
| 1:08 | War Mill |
| 1:15 | Peon |
| 1:31 | Peon |
| 1:40 | Peon |
| 1:55 | Peon |
| 2:07 | Healing Salve |
| 2:08 | Lesser Clarity Potion |
| 2:21 | Wind Walk |
| 2:24 | Peon |
| 2:24 | Peon |
| 2:25 | Peon |
| 2:28 | Orc Burrow |
| 2:33 | Peon |
| 3:39 | Peon |
| 3:39 | Peon |
| 3:39 | Peon |
| 3:48 | Healing Salve |
| 3:49 | Lesser Clarity Potion |
| 4:45 | Great Hall |
| 6:48 | Critical Strike |
| 6:58 | Bash |
| 7:00 | Bash |
| 7:15 | Watch Tower |
| 7:16 | Watch Tower |
| 7:41 | Stronghold |
| 8:38 | Watch Tower |
| 8:40 | Watch Tower |
| 8:41 | Spiked Barricades |
| 8:57 | Healing Salve |
| 9:50 | Watch Tower |
| 9:50 | Watch Tower |
| 11:53 | Wind Walk |
| 12:10 | Fortress |
| 12:14 | Spirit Lodge |
| 14:20 | Storm Bolt |
| 14:34 | Witch Doctor Adept Training |
| 14:34 | Troll Witch Doctor |
| 14:35 | Troll Witch Doctor |
| 14:42 | Orc Burrow |
| 15:41 | Witch Doctor Master Training |
| 15:42 | Troll Witch Doctor |
| 15:42 | Troll Witch Doctor |
| 16:20 | Critical Strike |
| 16:58 | Tiny Great Hall |
| 16:58 | Orb of Lightning |
| 19:35 | Critical Strike |
| 20:43 | Altar of Storms |
| 20:46 | Orc Burrow |
| 21:38 | Holy Light |
| 22:43 | Bash |
| 23:02 | Bash |
| 25:25 | Orc Burrow |
| 26:35 | Altar of Storms |
| 28:14 | Holy Light |
| 30:49 | Great Hall |
| 30:52 | Great Hall |
| 31:50 | Holy Light |
| 32:10 | Avatar |
| 37:22 | Bladestorm |
| 37:53 | Peon |
| 37:53 | Peon |
| 37:54 | Peon |
| 38:34 | Peon |
| 41:02 | Stronghold |
| 42:59 | Shaman Adept Training |
| 43:26 | Fortress |
| 45:33 | Wind Walk |
| 46:44 | Voodoo Lounge |
| 46:47 | Peon |
| 46:48 | Peon |
| 46:48 | Peon |
| 47:14 | Lesser Clarity Potion |
| 47:29 | Orb of Fire |
| 51:42 | Great Hall |
| 51:53 | Mirror Image |
| Right click | 3285 |
| Select | 498 |
| Build/train/purchase | 135 |
| Resource trade | 88 |
| Select group | 69 |
| Use ability | 58 |
| Minimap ping | 41 |
| Misc. action | 24 |
| Item give/drop | 10 |
| Esc | 8 |
| Assign group | 6 |
| Remove unit | 1 |
Cabeelibob
(194)
(52:26) : 

| Peasant | 27 | 2025 | / | 0 |
| Dragonhawk Rider | 2 | 400 | / | 60 |
| total: | 29 | 2425g | / | 60w |
| Scout Tower | 50 | 1500 | / | 1000 |
| Arcane Tower | 10 | 700 | / | 500 |
| Guard Tower | 25 | 1750 | / | 1250 |
| Altar of Kings | 2 | 360 | / | 100 |
| Farm | 6 | 480 | / | 120 |
| Lumber Mill | 1 | 120 | / | 0 |
| Blacksmith | 1 | 140 | / | 60 |
| Arcane Vault | 2 | 260 | / | 60 |
| Town Hall | 2 | 770 | / | 410 |
| Gryphon Aviary | 1 | 140 | / | 150 |
| Workshop | 1 | 140 | / | 140 |
| Keep | 2 | 640 | / | 420 |
| Castle | 2 | 720 | / | 420 |
| total: | 66 | 3910g | / | 2040w |
| 0:03 | Altar of Kings |
| 0:08 | Farm |
| 0:09 | Peasant |
| 0:14 | Peasant |
| 0:23 | Peasant |
| 0:47 | Lumber Mill |
| 0:48 | Peasant |
| 0:52 | Scout Tower |
| 0:58 | Farm |
| 1:06 | Farm |
| 1:11 | Peasant |
| 1:11 | Peasant |
| 1:23 | Peasant |
| 1:35 | Scout Tower |
| 1:47 | Farm |
| 1:55 | Peasant |
| 2:05 | Arcane Tower |
| 2:07 | Peasant |
| 2:16 | Improved Lumber Harvesting |
| 2:18 | Peasant |
| 2:37 | Scout Tower |
| 2:41 | Guard Tower |
| 2:45 | Improved Masonry |
| 3:00 | Scout Tower |
| 3:07 | Guard Tower |
| 3:09 | Scout Tower |
| 3:16 | Scout Tower |
| 3:21 | Peasant |
| 3:21 | Peasant |
| 3:22 | Peasant |
| 3:22 | Peasant |
| 3:22 | Peasant |
| 3:38 | Guard Tower |
| 3:40 | Scout Tower |
| 3:46 | Storm Bolt |
| 4:11 | Guard Tower |
| 4:12 | Scout Tower |
| 4:16 | Guard Tower |
| 4:19 | Scout Tower |
| 4:25 | Scout Tower |
| 4:46 | Guard Tower |
| 4:49 | Scout Tower |
| 4:55 | Guard Tower |
| 4:57 | Scout Tower |
| 5:05 | Guard Tower |
| 5:08 | Scout Tower |
| 5:09 | Scout Tower |
| 5:19 | Guard Tower |
| 5:21 | Keep |
| 5:25 | Scout Tower |
| 5:26 | Guard Tower |
| 5:32 | Scout Tower |
| 5:38 | Arcane Tower |
| 5:52 | Scout Tower |
| 5:52 | Scout Tower |
| 6:00 | Guard Tower |
| 6:03 | Arcane Tower |
| 6:20 | Scout Tower |
| 6:20 | Scout Tower |
| 6:22 | Guard Tower |
| 6:28 | Scout Tower |
| 6:29 | Scout Tower |
| 6:29 | Scout Tower |
| 6:34 | Guard Tower |
| 6:52 | Scout Tower |
| 6:57 | Guard Tower |
| 7:00 | Scout Tower |
| 7:03 | Scout Tower |
| 7:08 | Guard Tower |
| 7:25 | Guard Tower |
| 7:30 | Guard Tower |
| 7:33 | Scout Tower |
| 8:05 | Guard Tower |
| 8:07 | Guard Tower |
| 8:09 | Arcane Tower |
| 8:12 | Scout Tower |
| 8:13 | Scout Tower |
| 8:29 | Scout Tower |
| 8:30 | Scout Tower |
| 8:54 | Scout Tower |
| 8:54 | Scout Tower |
| 8:55 | Scout Tower |
| 8:56 | Scout Tower |
| 9:06 | Castle |
| 9:12 | Advanced Masonry |
| 9:17 | Holy Light |
| 9:27 | Scout Tower |
| 9:27 | Scout Tower |
| 9:29 | Arcane Tower |
| 9:35 | Guard Tower |
| 9:37 | Arcane Tower |
| 9:39 | Scout Tower |
| 9:42 | Scout Tower |
| 9:49 | Guard Tower |
| 10:06 | Guard Tower |
| 11:31 | Imbued Masonry |
| 12:04 | Scout Tower |
| 12:08 | Scout Tower |
| 12:09 | Peasant |
| 12:09 | Peasant |
| 12:10 | Peasant |
| 12:25 | Arcane Tower |
| 12:29 | Scout Tower |
| 12:34 | Scout Tower |
| 12:37 | Scout Tower |
| 12:46 | Guard Tower |
| 13:04 | Blacksmith |
| 13:08 | Peasant |
| 13:08 | Peasant |
| 13:11 | Guard Tower |
| 13:26 | Arcane Tower |
| 13:28 | Arcane Tower |
| 13:29 | Scout Tower |
| 13:35 | Scout Tower |
| 13:36 | Scout Tower |
| 14:11 | Guard Tower |
| 14:17 | Peasant |
| 14:17 | Peasant |
| 14:17 | Peasant |
| 14:17 | Peasant |
| 14:41 | Gryphon Aviary |
| 14:43 | Workshop |
| 14:53 | Arcane Vault |
| 16:09 | Cloud |
| 16:12 | Fragmentation Shards |
| 17:17 | Dragonhawk Rider |
| 17:48 | Peasant |
| 20:01 | Dragonhawk Rider |
| 24:19 | Town Hall |
| 24:27 | Town Hall |
| 34:09 | Farm |
| 34:16 | Farm |
| 35:27 | Peasant |
| 35:28 | Peasant |
| 37:56 | Keep |
| 38:14 | Scout Tower |
| 38:15 | Scout Tower |
| 38:16 | Scout Tower |
| 38:52 | Arcane Tower |
| 40:35 | Altar of Kings |
| 42:03 | Castle |
| 43:04 | Arcane Vault |
| Right click | 1592 |
| Select group | 1319 |
| Select | 440 |
| Build/train/purchase | 100 |
| Resource trade | 57 |
| Assign group | 31 |
| Misc. action | 13 |
| Use ability | 10 |
| Esc | 10 |
| Chat | 6 |
| Minimap ping | 2 |
240 units @ 36.5k
/ 5.8k
105 buildings @ 14.1k
/ 7.3k


| Scroll of Regeneration | 4 | 400 |
| Lesser Clarity Potion | 1 | 70 |
| Potion of Healing | 1 | 150 |
| Scroll of Town Portal | 2 | 700 |
| total: | 8 | 1320g |
| Peasant | 17 | 1275 | / | 0 |
| Footman | 3 | 405 | / | 0 |
| Rifleman | 19 | 3895 | / | 570 |
| Mortar Team | 15 | 2700 | / | 1050 |
| Priest | 8 | 1080 | / | 80 |
| Dragonhawk Rider | 21 | 4200 | / | 630 |
| Flying Machine | 7 | 700 | / | 210 |
| total: | 90 | 14255g | / | 2540w |
| Altar of Kings | 1 | 180 | / | 50 |
| Barracks | 1 | 160 | / | 60 |
| Farm | 14 | 1120 | / | 280 |
| Lumber Mill | 1 | 120 | / | 0 |
| Blacksmith | 1 | 140 | / | 60 |
| Arcane Vault | 1 | 130 | / | 30 |
| Town Hall | 4 | 1540 | / | 820 |
| Workshop | 1 | 140 | / | 140 |
| Arcane Sanctum | 1 | 150 | / | 140 |
| Gryphon Aviary | 1 | 140 | / | 150 |
| Keep | 3 | 960 | / | 630 |
| Castle | 1 | 360 | / | 210 |
| total: | 26 | 3820g | / | 1730w |
| 0:03 | Peasant |
| 0:03 | Peasant |
| 0:08 | Altar of Kings |
| 0:14 | Barracks |
| 0:16 | Farm |
| 0:23 | Peasant |
| 0:35 | Peasant |
| 0:56 | Peasant |
| 1:14 | Lumber Mill |
| 1:18 | Footman |
| 1:27 | Farm |
| 1:41 | Blacksmith |
| 1:48 | Peasant |
| 2:04 | Footman |
| 2:16 | Farm |
| 2:20 | Improved Lumber Harvesting |
| 2:27 | Summon Water Elemental |
| 2:33 | Footman |
| 2:49 | Arcane Vault |
| 3:01 | Peasant |
| 3:17 | Brilliance Aura |
| 3:20 | Rifleman |
| 3:22 | Peasant |
| 3:25 | Peasant |
| 3:41 | Peasant |
| 4:16 | Keep |
| 4:37 | Town Hall |
| 4:57 | Scroll of Regeneration |
| 5:05 | Farm |
| 5:48 | Farm |
| 5:49 | Rifleman |
| 6:07 | Summon Water Elemental |
| 6:09 | Rifleman |
| 6:10 | Black Gunpowder |
| 6:25 | Farm |
| 6:29 | Farm |
| 6:31 | Scroll of Regeneration |
| 6:44 | Peasant |
| 6:49 | Peasant |
| 7:01 | Workshop |
| 7:02 | Peasant |
| 7:33 | Rifleman |
| 7:34 | Advanced Lumber Harvesting |
| 7:36 | Peasant |
| 7:45 | Long Rifles |
| 7:47 | Studded Leather Armor |
| 7:48 | Peasant |
| 7:51 | Arcane Sanctum |
| 8:00 | Flame Strike |
| 8:09 | Mortar Team |
| 8:25 | Peasant |
| 8:36 | Mortar Team |
| 9:10 | Castle |
| 9:13 | Priest |
| 9:13 | Priest |
| 9:23 | Farm |
| 9:25 | Mortar Team |
| 9:37 | Rifleman |
| 9:42 | Mortar Team |
| 10:01 | Farm |
| 10:03 | Refined Gunpowder |
| 10:38 | Mortar Team |
| 10:38 | Mortar Team |
| 10:40 | Farm |
| 10:41 | Rifleman |
| 10:59 | Brilliance Aura |
| 11:05 | Siphon Mana |
| 11:42 | Gryphon Aviary |
| 11:45 | Fragmentation Shards |
| 11:46 | Priest Adept Training |
| 12:03 | Farm |
| 12:06 | Priest |
| 12:07 | Mortar Team |
| 12:30 | Cloud |
| 12:30 | Dragonhawk Rider |
| 12:30 | Dragonhawk Rider |
| 12:30 | Dragonhawk Rider |
| 12:30 | Dragonhawk Rider |
| 12:43 | Farm |
| 12:44 | Iron Forged Swords |
| 12:54 | Priest Master Training |
| 13:20 | Farm |
| 13:22 | Mortar Team |
| 13:24 | Flare |
| 13:24 | Mortar Team |
| 14:05 | Summon Water Elemental |
| 14:12 | Farm |
| 14:14 | Iron Plating |
| 14:15 | Mortar Team |
| 14:16 | Priest |
| 14:45 | Flame Strike |
| 15:31 | Dragonhawk Rider |
| 15:31 | Dragonhawk Rider |
| 16:35 | Rifleman |
| 16:35 | Rifleman |
| 16:35 | Rifleman |
| 16:37 | Mortar Team |
| 16:38 | Mortar Team |
| 16:40 | Priest |
| 16:40 | Priest |
| 16:42 | Dragonhawk Rider |
| 16:42 | Dragonhawk Rider |
| 17:11 | Mortar Team |
| 17:28 | Scroll of Regeneration |
| 17:28 | Scroll of Town Portal |
| 17:44 | Priest |
| 18:11 | Imbued Gunpowder |
| 18:12 | Reinforced Leather Armor |
| 18:49 | Rifleman |
| 18:49 | Rifleman |
| 19:24 | Siphon Mana |
| 20:29 | Dragonhawk Rider |
| 20:29 | Dragonhawk Rider |
| 20:29 | Dragonhawk Rider |
| 20:30 | Rifleman |
| 20:30 | Rifleman |
| 20:32 | Mortar Team |
| 20:42 | Mass Teleport |
| 21:14 | Flame Strike |
| 22:03 | Dragonhawk Rider |
| 22:03 | Dragonhawk Rider |
| 22:48 | Town Hall |
| 22:59 | Keep |
| 23:19 | Rifleman |
| 23:43 | Dragonhawk Rider |
| 24:05 | Dragonhawk Rider |
| 24:14 | Mortar Team |
| 25:24 | Town Hall |
| 26:46 | Dragonhawk Rider |
| 26:47 | Dragonhawk Rider |
| 26:48 | Rifleman |
| 26:48 | Rifleman |
| 27:12 | Scroll of Regeneration |
| 27:15 | Priest |
| 27:18 | Lesser Clarity Potion |
| 27:18 | Scroll of Town Portal |
| 27:24 | Peasant |
| 27:31 | Steel Plating |
| 27:36 | Potion of Healing |
| 28:32 | Dragonhawk Rider |
| 28:33 | Rifleman |
| 28:36 | Keep |
| 28:39 | Improved Masonry |
| 28:41 | Rifleman |
| 29:13 | Dragonhawk Rider |
| 29:18 | Flying Machine |
| 29:18 | Flying Machine |
| 29:19 | Flying Machine |
| 29:20 | Flying Machine |
| 29:21 | Flying Machine |
| 30:04 | Town Hall |
| 32:46 | Flying Machine |
| 32:47 | Flying Machine |
| 32:48 | Rifleman |
| 32:49 | Dragonhawk Rider |
| 32:49 | Dragonhawk Rider |
| Right click | 704 |
| Select | 657 |
| Build/train/purchase | 182 |
| Use ability | 49 |
| Resource trade | 6 |
| Minimap ping | 1 |

| Peasant | 16 | 1200 | / | 0 |
| Rifleman | 26 | 5330 | / | 780 |
| Priest | 12 | 1620 | / | 120 |
| total: | 54 | 8150g | / | 900w |
| Scout Tower | 2 | 60 | / | 40 |
| Arcane Tower | 1 | 70 | / | 50 |
| Altar of Kings | 1 | 180 | / | 50 |
| Lumber Mill | 1 | 120 | / | 0 |
| Farm | 13 | 1040 | / | 260 |
| Blacksmith | 1 | 140 | / | 60 |
| Barracks | 2 | 320 | / | 120 |
| Town Hall | 2 | 770 | / | 410 |
| Arcane Sanctum | 1 | 150 | / | 140 |
| Keep | 1 | 320 | / | 210 |
| Castle | 1 | 360 | / | 210 |
| total: | 23 | 2780g | / | 1080w |
| 0:04 | Peasant |
| 0:04 | Peasant |
| 0:05 | Peasant |
| 0:05 | Peasant |
| 0:06 | Peasant |
| 0:18 | Altar of Kings |
| 0:47 | Lumber Mill |
| 0:54 | Farm |
| 1:00 | Peasant |
| 1:00 | Peasant |
| 1:00 | Peasant |
| 1:17 | Blacksmith |
| 1:27 | Scout Tower |
| 1:57 | Arcane Tower |
| 2:40 | Barracks |
| 3:02 | Improved Lumber Harvesting |
| 3:07 | Studded Leather Armor |
| 3:08 | Black Gunpowder |
| 3:15 | Barracks |
| 3:25 | Farm |
| 3:47 | Farm |
| 4:07 | Divine Shield |
| 4:16 | Rifleman |
| 4:16 | Rifleman |
| 4:20 | Rifleman |
| 4:20 | Rifleman |
| 4:27 | Farm |
| 4:32 | Farm |
| 4:57 | Farm |
| 5:09 | Farm |
| 5:47 | Holy Light |
| 6:20 | Keep |
| 6:47 | Rifleman |
| 6:48 | Rifleman |
| 6:54 | Farm |
| 7:17 | Farm |
| 7:28 | Divine Shield |
| 7:54 | Rifleman |
| 8:23 | Farm |
| 8:26 | Rifleman |
| 8:57 | Castle |
| 9:00 | Long Rifles |
| 9:13 | Arcane Sanctum |
| 9:24 | Reinforced Leather Armor |
| 9:39 | Farm |
| 12:29 | Farm |
| 12:32 | Priest Adept Training |
| 12:33 | Priest |
| 12:33 | Priest |
| 12:33 | Priest |
| 12:33 | Priest |
| 12:34 | Priest |
| 12:37 | Rifleman |
| 12:37 | Rifleman |
| 12:43 | Farm |
| 13:04 | Dragonhide Armor |
| 13:19 | Refined Gunpowder |
| 14:53 | Holy Light |
| 16:27 | Rifleman |
| 16:27 | Rifleman |
| 16:28 | Rifleman |
| 18:44 | Improved Masonry |
| 18:49 | Imbued Gunpowder |
| 22:11 | Peasant |
| 22:11 | Peasant |
| 22:11 | Peasant |
| 22:14 | Peasant |
| 22:14 | Peasant |
| 22:50 | Priest Master Training |
| 22:51 | Priest |
| 22:51 | Priest |
| 22:52 | Priest |
| 22:55 | Rifleman |
| 22:55 | Rifleman |
| 22:56 | Rifleman |
| 23:03 | Rifleman |
| 24:35 | Town Hall |
| 26:34 | Divine Shield |
| 28:53 | Peasant |
| 28:55 | Peasant |
| 30:07 | Rifleman |
| 30:51 | Town Hall |
| 32:46 | Peasant |
| 34:20 | Rifleman |
| 34:21 | Rifleman |
| 34:21 | Rifleman |
| 34:21 | Rifleman |
| 34:21 | Rifleman |
| 34:21 | Rifleman |
| 35:35 | Priest |
| 35:35 | Priest |
| 37:50 | Priest |
| 37:50 | Priest |
| 37:53 | Rifleman |
| 38:05 | Rifleman |
| 44:33 | Scout Tower |
| Right click | 685 |
| Select | 331 |
| Build/train/purchase | 101 |
| Use ability | 16 |
| Minimap ping | 3 |
| Assign group | 1 |
| Misc. action | 1 |
| Remove unit | 1 |


| Potion of Healing | 8 | 1200 |
| Anti-magic Potion | 4 | 400 |
| Orb of Venom | 1 | 325 |
| Staff of Preservation | 1 | 150 |
| Dust of Appearance | 1 | 75 |
| Scroll of Town Portal | 4 | 1400 |
| Scroll of Regeneration | 2 | 200 |
| total: | 21 | 3750g |
| Wisp | 41 | 2460 | / | 0 |
| Chimaera | 18 | 5940 | / | 1260 |
| Druid of the Talon | 10 | 1450 | / | 200 |
| Hippogryph | 7 | 1120 | / | 140 |
| Flying Machine | 1 | 100 | / | 30 |
| Peasant | 6 | 450 | / | 0 |
| Siege Engine | 11 | 2145 | / | 660 |
| Rifleman | 2 | 410 | / | 60 |
| total: | 96 | 14075g | / | 2350w |
| Ancient Protector | 18 | 2430 | / | 1440 |
| Altar of Elders | 1 | 180 | / | 50 |
| Moon Well | 8 | 1440 | / | 320 |
| Ancient of War | 1 | 150 | / | 60 |
| Ancient of Wonders | 1 | 90 | / | 30 |
| Hunter's Hall | 1 | 210 | / | 100 |
| Tree of Life | 3 | 1020 | / | 555 |
| Ancient of Wind | 4 | 600 | / | 560 |
| Chimaera Roost | 4 | 560 | / | 760 |
| Tree of Ages | 4 | 1280 | / | 720 |
| Tree of Eternity | 2 | 660 | / | 400 |
| Scout Tower | 12 | 360 | / | 240 |
| Guard Tower | 7 | 490 | / | 350 |
| Workshop | 3 | 420 | / | 420 |
| Keep | 4 | 1280 | / | 840 |
| Castle | 2 | 720 | / | 420 |
| total: | 56 | 7460g | / | 4535w |
| 0:03 | Wisp |
| 0:03 | Wisp |
| 0:03 | Wisp |
| 0:04 | Wisp |
| 0:08 | Altar of Elders |
| 0:19 | Moon Well |
| 0:41 | Wisp |
| 0:46 | Ancient of War |
| 0:54 | Wisp |
| 0:54 | Wisp |
| 0:58 | Wisp |
| 0:58 | Wisp |
| 1:04 | Wisp |
| 1:16 | Wisp |
| 1:17 | Wisp |
| 1:17 | Wisp |
| 1:46 | Wisp |
| 1:46 | Wisp |
| 1:46 | Wisp |
| 1:46 | Wisp |
| 1:47 | Wisp |
| 2:00 | Moon Well |
| 2:06 | Ancient of Wonders |
| 2:13 | Fan of Knives |
| 2:34 | Wisp |
| 2:34 | Wisp |
| 3:24 | Blink |
| 3:37 | Tree of Ages |
| 3:57 | Hunter's Hall |
| 4:09 | Dust of Appearance |
| 4:59 | Tree of Life |
| 5:45 | Ancient Protector |
| 5:48 | Ancient Protector |
| 5:59 | Tree of Eternity |
| 6:06 | Moon Well |
| 6:13 | Moon Well |
| 7:09 | Force of Nature |
| 7:20 | Nature's Blessing |
| 7:27 | Wisp |
| 7:27 | Wisp |
| 7:27 | Wisp |
| 8:27 | Chimaera Roost |
| 8:31 | Chimaera Roost |
| 8:33 | Chimaera Roost |
| 8:39 | Chimaera Roost |
| 8:42 | Wisp |
| 9:09 | Reinforced Hides |
| 9:09 | Strength of the Wild |
| 9:29 | Potion of Healing |
| 9:29 | Anti-magic Potion |
| 9:29 | Orb of Venom |
| 9:51 | Chimaera |
| 9:58 | Chimaera |
| 10:11 | Corrosive Breath |
| 10:54 | Chimaera |
| 10:56 | Chimaera |
| 11:17 | Scroll of Town Portal |
| 11:18 | Potion of Healing |
| 11:18 | Anti-magic Potion |
| 11:19 | Staff of Preservation |
| 11:31 | Well Spring |
| 11:46 | Chimaera |
| 11:46 | Chimaera |
| 11:59 | Potion of Healing |
| 12:03 | Potion of Healing |
| 12:13 | Chimaera |
| 12:24 | Moon Well |
| 12:51 | Chimaera |
| 13:18 | Fan of Knives |
| 13:20 | Entangling Roots |
| 13:35 | Moon Well |
| 13:37 | Moon Well |
| 14:05 | Improved Reinforced Hides |
| 14:08 | Wisp |
| 14:08 | Wisp |
| 14:08 | Wisp |
| 14:08 | Wisp |
| 14:34 | Entangling Roots |
| 14:39 | Moon Well |
| 15:05 | Blink |
| 15:05 | Fan of Knives |
| 15:49 | Advanced Reinforced Hides |
| 16:43 | Force of Nature |
| 16:59 | Chimaera |
| 17:07 | Improved Strength of the Wild |
| 17:15 | Wisp |
| 17:15 | Wisp |
| 17:15 | Wisp |
| 17:15 | Wisp |
| 17:35 | Ultravision |
| 17:37 | Backpack |
| 19:39 | Scroll of Regeneration |
| 19:45 | Scroll of Regeneration |
| 19:57 | Advanced Strength of the Wild |
| 21:24 | Chimaera |
| 21:25 | Chimaera |
| 21:26 | Chimaera |
| 21:51 | Scroll of Town Portal |
| 21:52 | Potion of Healing |
| 21:55 | Scroll of Town Portal |
| 21:56 | Potion of Healing |
| 22:00 | Tree of Life |
| 22:54 | Ancient of Wind |
| 22:56 | Ancient of Wind |
| 22:58 | Ancient of Wind |
| 23:01 | Ancient of Wind |
| 24:03 | Druid of the Talon Adept Training |
| 24:04 | Druid of the Talon |
| 24:10 | Scroll of Town Portal |
| 24:11 | Potion of Healing |
| 24:12 | Anti-magic Potion |
| 24:13 | Anti-magic Potion |
| 24:37 | Druid of the Talon |
| 25:19 | Druid of the Talon Master Training |
| 25:19 | Druid of the Talon |
| 25:20 | Druid of the Talon |
| 27:16 | Mark of the Talon |
| 27:16 | Druid of the Talon |
| 28:06 | Druid of the Talon |
| 28:37 | Druid of the Talon |
| 28:47 | Druid of the Talon |
| 29:16 | Tree of Ages |
| 29:34 | Ancient Protector |
| 29:55 | Ancient Protector |
| 30:03 | Ancient Protector |
| 30:11 | Ancient Protector |
| 30:15 | Ancient Protector |
| 30:34 | Ancient Protector |
| 30:38 | Ancient Protector |
| 30:51 | Ancient Protector |
| 31:09 | Ancient Protector |
| 32:34 | Ancient Protector |
| 32:39 | Ancient Protector |
| 32:43 | Ancient Protector |
| 32:54 | Druid of the Talon |
| 33:17 | Chimaera |
| 33:59 | Druid of the Talon |
| 34:33 | Chimaera |
| 34:45 | Potion of Healing |
| 35:44 | Wisp |
| 35:45 | Wisp |
| 35:45 | Wisp |
| 35:45 | Wisp |
| 37:32 | Workshop |
| 37:34 | Workshop |
| 37:36 | Keep |
| 37:40 | Workshop |
| 37:49 | Ancient Protector |
| 37:51 | Ancient Protector |
| 37:54 | Ancient Protector |
| 37:58 | Ancient Protector |
| 38:12 | Flak Cannons |
| 38:36 | Scout Tower |
| 38:38 | Scout Tower |
| 38:40 | Scout Tower |
| 38:42 | Scout Tower |
| 38:46 | Scout Tower |
| 38:49 | Improved Masonry |
| 38:54 | Hippogryph |
| 38:55 | Hippogryph |
| 38:55 | Hippogryph |
| 39:01 | Chimaera |
| 39:08 | Guard Tower |
| 39:09 | Guard Tower |
| 39:13 | Scout Tower |
| 39:15 | Guard Tower |
| 39:17 | Scout Tower |
| 39:19 | Scout Tower |
| 39:59 | Scout Tower |
| 40:12 | Flying Machine |
| 40:16 | Castle |
| 40:21 | Peasant |
| 40:21 | Peasant |
| 40:21 | Peasant |
| 40:22 | Peasant |
| 40:40 | Scout Tower |
| 40:41 | Scout Tower |
| 40:43 | Scout Tower |
| 41:59 | Guard Tower |
| 42:01 | Peasant |
| 42:01 | Peasant |
| 42:27 | Hippogryph |
| 42:27 | Hippogryph |
| 42:47 | Hippogryph |
| 42:47 | Hippogryph |
| 42:52 | Chimaera |
| 42:56 | Barrage |
| 42:56 | Siege Engine |
| 43:26 | Wisp |
| 43:26 | Wisp |
| 43:26 | Wisp |
| 43:26 | Wisp |
| 43:27 | Wisp |
| 43:32 | Siege Engine |
| 43:57 | Siege Engine |
| 43:57 | Siege Engine |
| 45:13 | Siege Engine |
| 45:13 | Siege Engine |
| 46:17 | Siege Engine |
| 46:17 | Siege Engine |
| 46:23 | Tree of Life |
| 46:47 | Siege Engine |
| 47:40 | Keep |
| 47:42 | Rifleman |
| 47:43 | Rifleman |
| 48:04 | Chimaera |
| 50:48 | Siege Engine |
| 50:51 | Siege Engine |
| 51:07 | Chimaera |
| Right click | 1072 |
| Select group | 914 |
| Select | 835 |
| Build/train/purchase | 288 |
| Misc. action | 198 |
| Use ability | 120 |
| Assign group | 82 |
| Resource trade | 28 |
| Minimap ping | 22 |
| Item give/drop | 5 |
| Remove unit | 4 |
⇛